AoeStats
← evirbek

Fortress

509859679Analyzed
2v2 RM · 4d ago on Sep 28, 2026· 43m 40s· 4 players
Game mode
Random Map
Map size
Normal (6 player)
Population
200
Speed
Normal
Resources
Standard
Victory
Conquest
Starting age
Dark Age
Ending age
Imperial Age
RankedLock teamsTeams togetherTeam positionsShared explorationLock speedFull tech treeHidden civsTurbo modeCheats
Victory
Defeat
🇹🇷 Goths · Türkiye
819
+16
🇨🇴 Persians · Colombia
784
+17
🇹🇷 Goths · Türkiye
812
-17
🇹🇷 Chinese · Türkiye
810
-16
Renato243150
9:16 Feudal Age
9:29 Loom
9:41 Double-Bit Axe
9:50 Gold Mining
10:55 Wheelbarrow
10:05 Horse Collar
16:42 Castle Age
16:23 Forging
16:20 Scale Barding Armor
17:24 Caravan
18:24 Hand Cart
19:41 Heavy Plow
20:52 Bow Saw
21:37 Husbandry
23:48 Bloodlines
24:29 Iron Casting
28:41 Imperial Age
28:06 Chain Barding Armor
28:20 Cavalier
30:10 Blast Furnace
30:57 Savar
33:21 Crop Rotation
33:55 Two-Man Saw
34:17 Plate Barding Armor
36:17 Chemistry
38:36 Gold Shaft Mining
37:56 Stone Mining
38:16 Scale Mail Armor
Fatih
6:37 Feudal Age
11:43 Castle Age
9:38 Horse Collar
9:57 Loom
10:22 Double-Bit Axe
11:59 Forging
12:21 Scale Mail Armor
16:19 Chain Mail Armor
17:59 Iron Casting
20:39 Bow Saw
20:33 Heavy Plow
23:38 Wheelbarrow
23:52 Man-at-Arms
24:25 Fletching
24:35 Padded Archer Armor
25:09 Hand Cart
24:39 Town Watch
24:55 Gold Mining
26:43 Long Swordsman
27:23 Squires
26:44 Pikeman
32:38 Imperial Age
30:47 Bodkin Arrow
31:01 Stone Mining
31:59 Town Patrol
32:39 Two-Handed Swordsman
34:21 Blast Furnace
33:44 Conscription
33:25 Perfusion
33:00 Halberdier
34:35 Crop Rotation
35:13 Two-Man Saw
33:53 Champion
34:43 Caravan
36:56 Guilds
37:17 Bracer
38:41 Stone Shaft Mining
evirbek
SOKOMYS
7:50 Feudal Age
14:18 Castle Age
13:00 Forging
12:51 Scale Mail Armor
12:43 Horse Collar
12:50 Double-Bit Axe
16:40 Loom
17:30 Wheelbarrow
16:41 Town Watch
17:12 Pikeman
17:52 Squires
20:25 Stone Mining
30:18 Imperial Age
31:10 Anarchy
31:31 Conscription
30:39 Halberdier
32:17 Chain Mail Armor
34:47 Iron Casting
35:26 Heavy Plow
35:19 Elite Huskarl
37:03 Heavy Scorpion
39:28 Blast Furnace
38:19 Fletching
38:29 Padded Archer Armor
40:32 Bow Saw
40:36 Bodkin Arrow
Connection lost

Rejoining the realm…

Still unreachable

The connection could not be restored.

Session expired

The server has moved on; the page needs a fresh start.